[Event "*** Titled Tuesday Blitz"]
[Site "Chess.com"]
[Date "2020.12.01"]
[Round "10"]
[White "Semetey"]
[Black "anasta10"]
[Result "0-1"]
[WhiteElo "2574"]
[BlackElo "2453"]
[TimeControl "180+1"]
[EndTime "11:51:33 PST"]
[Termination "anasta10 won by resignation"]

1. Nf3 Nf6 2. e3 g6 3. d4 Bg7 4. Bd3 O-O 5. O-O d5 6. c4 c5 7.
dxc5 Na6 8. Nc3 Nxc5 9. cxd5 Nxd5 10. Nxd5 Qxd5 11. Be2 Qxd1 12. Rxd1 Bf5 13. Nd4 Rfd8 14. Nxf5 gxf5 15. Rb1 Rxd1+ 16. Bxd1 Rd8 17. Bc2 Nd3 18. b3 Nxc1 19. Rxc1 Rc8 20. g4 Bb2 21. Rb1 Rxc2 22.
gxf5 Kg7 23. Kg2 Kf6 24. Kf3 Kxf5 25. e4+ Kf6 26. Ke3 Ba3 27. h4 Bc5+ 28. Kd3 Rxf2 29.
Rc1 b6 0-1

[Event "*** Titled Tuesday Blitz"]
[Site "Chess.com"]
[Date "2020.12.01"]
[Round "10"]
[White "amatatanav"]
[Black "Marianov_Podstavnikov"]
[Result "1-0"]
[WhiteElo "2392"]
[BlackElo "2262"]
[TimeControl "180+1"]
[EndTime "11:51:38 PST"]
[Termination "amatatanav won by resignation"]

1. e4 c5 2. Ne2 Nc6 3. Nbc3 g6 4. d4 cxd4 5. Nxd4 Bg7 6. Be3 d6 7. Qd2 Nf6 8. f3 O-O 9. g4 Qa5 10. O-O-O Bd7 11. h4 Rfc8 12. h5 Nxd4 13. Bxd4 b5 14. hxg6 hxg6 15. Kb1 b4 16. Nd5 Be6 17. Nxe7+ Kf8 18.
Nd5 Bxd5 19. exd5 Qxd5 20. Bxf6 1-0

[Event "*** Titled Tuesday Blitz"]
[Site "Chess.com"]
[Date "2020.12.01"]
[Round "10"]
[White "ARMQUEEN"]
[Black "ChessteacherPalmS"]
[Result "1-0"]
[WhiteElo "2477"]
[BlackElo "2317"]
[TimeControl "180+1"]
[EndTime "11:51:46 PST"]
[Termination "ARMQUEEN won by resignation"]

1. e4 e6 2. d4 d5 3. Bd3 dxe4 4. Bxe4 Nf6 5. Bf3 c5 6. Ne2 Nc6 7. Be3 cxd4 8. Nxd4 Bd7 9. Nc3 Nxd4 10. Bxd4 Bc6 11.
Bxc6+ bxc6 12. Qf3 Nd5 13. Rd1 Qa5 14. O-O Rb8 15. Rfe1 Bb4 16. Bxg7 Bxc3 17. Bxc3 Nxc3 18. Qxc6+ Kf8 19. Qd6+ Kg7 20. Qg3+ Kf6 21. bxc3 Rhg8 22. Qf4+ Qf5 23. Qd4+ Kg6 24. Rd3 h6 25. Rf3 Qd5 26.
Qf6+ 1-0

[Event "*** Titled Tuesday Blitz"]
[Site "Chess.com"]
[Date "2020.12.01"]
[Round "10"]
[White "Volodar_Murzin"]
[Black "Gulkov_Igor"]
[Result "1-0"]
[WhiteElo "2602"]
[BlackElo "2505"]
[TimeControl "180+1"]
[EndTime "11:51:49 PST"]
[Termination "Volodar_Murzin won by resignation"]

1. e4 c5 2. Nf3 d6 3. d4 cxd4 4. Nxd4 Nf6 5. Nc3 a6 6. Be3 e5 7. Nb3 Be6 8. f3 Nbd7 9. g4 Be7 10. Qd2 O-O 11. O-O-O b5 12. g5 Nh5 13. Nd5 Bxd5 14. exd5 f6 15. g6 hxg6 16. Na5 f5 17. Nc6 Qe8 18. Rg1 Nb8 19. Nxe7+ Qxe7 20. Rxg6 f4 21. Bf2 Nf6 22. Bh3 Nbd7 23. Rdg1 Rac8 24. Bh4 Rc5 25.
Bxd7 1-0

[Event "*** Titled Tuesday Blitz"]
[Site "Chess.com"]
[Date "2020.12.01"]
[Round "10"]
[White "frederiksvane"]
[Black "gmpeter008"]
[Result "1-0"]
[WhiteElo "2704"]
[BlackElo "2449"]
[TimeControl "180+1"]
[EndTime "11:51:49 PST"]
[Termination "frederiksvane won by resignation"]

1. e4 d6 2. d4 Nf6 3. Bd3 Nc6 4.
Nf3 e5 5. c3 g6 6. O-O Bg7 7.
Nbd2 O-O 8. Re1 Nh5 9. Nb3 Kh8 10. h3 f5 11. Bg5 Bf6 12. Bh6 Bg7 13. Bxg7+ Kxg7 14. exf5 Bxf5 15. Bxf5 Rxf5 16. g4 Rxf3 17. Qxf3 Nf4 18.
dxe5 dxe5 19. Rad1 Qh4 20. Rd7+ Kh6 21. Qg3 Nxh3+ 22. Kh2 Qxg3+ 23. Kxg3 Nf4 24. Nc5 b6 25. Rh1+ 1-0

[Event "*** Titled Tuesday Blitz"]
[Site "Chess.com"]
[Date "2020.12.01"]
[Round "10"]
[White "Reader777"]
[Black "Slovak_fighter2000"]
[Result "0-1"]
[WhiteElo "2676"]
[BlackElo "2580"]
[TimeControl "180+1"]
[EndTime "11:52:17 PST"]
[Termination "Slovak_fighter2000 won on time"]

1. d4 Nf6 2. c4 e6 3. g3 d5 4. Bg2 Bb4+ 5. Nd2 O-O 6. Nf3 b6 7. O-O Bb7 8. a3 Bxd2 9. Nxd2 Nbd7 10. b3 c5 11. Bb2 Qb8 12. Rc1 dxc4 13. Bxb7 Qxb7 14.
Nxc4 Rfd8 15. Qc2 Qe4 16. Qxe4 Nxe4 0-1

[Event "*** Titled Tuesday Blitz"]
[Site "Chess.com"]
[Date "2020.12.01"]
[Round "10"]
[White "shnitez"]
[Black "XDPS"]
[Result "0-1"]
[WhiteElo "2586"]
[BlackElo "2770"]
[TimeControl "180+1"]
[EndTime "11:52:21 PST"]
[Termination "XDPS won by resignation"]

1. c4 e6 2. Nf3 d5 3. e3 Nf6 4. b3 c6 5. Bb2 Bd6 6. Nc3 O-O 7.
Qc2 e5 8. cxd5 cxd5 9. Nb5 Nc6 10. Nxd6 Qxd6 11. Rc1 Bg4 12. Qc5 Qe6 13. Bb5 Rfc8 14. Bxc6 Rxc6 15. Qb4 Rxc1+ 16. Bxc1 Rc8 17. O-O Bxf3 18.
gxf3 e4 19. Kh1 Qh3 20. Rg1 Qxf3+ 0-1

[Event "*** Titled Tuesday Blitz"]
[Site "Chess.com"]
[Date "2020.12.01"]
[Round "10"]
[White "snowlord"]
[Black "ambaixador"]
[Result "1/2-1/2"]
[WhiteElo "2780"]
[BlackElo "2464"]
[TimeControl "180+1"]
[EndTime "11:52:25 PST"]
[Termination "Game drawn by agreement"]

1. e4 c6 2. d4 d5 3. exd5 cxd5 4. Bd3 Nf6 5. c3 Nc6 6. Bf4 g6 7. Nf3 Bg7 8. Nbd2 O-O 9. O-O Bf5 10. Bxf5 gxf5 11.
Re1 e6 12. Ne5 Nxe5 13. Bxe5 Ne4 14. Bxg7 Kxg7 15. Nf1 Qg5 16. f3 Nd6 17. Qd2 h6 18. Qf2 Rg8 19. a4 Kh7 20. Nd2 Rg6 21. f4 Qg4 22. Qf3 Qh4 23. Qf2 Qf6 24. Re2 Rag8 25. Qf1 Ne4 26. Qf3 Qh4 27. Rf1 Rxg2+ 28. Qxg2 Rxg2+ 29. Rxg2 Qh3 30. Rf3 Qh5 31. Rf1 1/2-1/2

[Event "*** Titled Tuesday Blitz"]
[Site "Chess.com"]
[Date "2020.12.01"]
[Round "10"]
[White "AliKa2810"]
[Black "anon219"]
[Result "0-1"]
[WhiteElo "2584"]
[BlackElo "2757"]
[TimeControl "180+1"]
[EndTime "11:52:26 PST"]
[Termination "anon219 won by resignation"]

1. d4 d5 2. c4 e6 3. Nc3 a6 4.
cxd5 exd5 5. Nf3 c6 6. e4 dxe4 7. Ng5 Be7 8. Bc4 Bxg5 9. Qh5 Be7 10. Qxf7+ Kd7 11. Qxg7 Nf6 12. Bf4 Qf8 13. Qg3 Nh5 14. Qh3+ Kd8 15. Qxh5 Qxf4 16. Ne2 Qg5 17. Qf7 Rf8 18.
Qxh7 Bf5 0-1

[Event "*** Titled Tuesday Blitz"]
[Site "Chess.com"]
[Date "2020.12.01"]
[Round "10"]
[White "KononenkoD"]
[Black "pastouche06"]
[Result "1-0"]
[WhiteElo "2388"]
[BlackElo "2480"]
[TimeControl "180+1"]
[EndTime "11:52:26 PST"]
[Termination "KononenkoD won by resignation"]

1. d4 d5 2. c4 e6 3. Nf3 Nf6 4. g3 dxc4 5. Bg2 Bd7 6. Nbd2 Bb4 7. O-O Bxd2 8. Bxd2 Bc6 9. Rc1 b5 10. Bb4 a5 11. Bc5 Na6 12. a4 Nxc5 13. dxc5 Qxd1 14. Rfxd1 Rb8 15. axb5 Rxb5 16. Nd4 Bxg2 17. Nxb5 Bc6 18. Nxc7+ Ke7 19. Rd6 Bb7 20. Rxc4 Rc8 21. Nb5 Ne8 22. Rb6 Bd5 23. Rc1 Nf6 24. c6 Nd7 25.
Ra6 Nb8 26. Ra7+ Kf8 27. c7 Nc6 28. Rxc6 Bxc6 29. Nd6 1-0

[Event "*** Titled Tuesday Blitz"]
[Site "Chess.com"]
[Date "2020.12.01"]
[Round "10"]
[White "redbaron8888"]
[Black "chidori_boruto"]
[Result "1-0"]
[WhiteElo "2573"]
[BlackElo "2646"]
[TimeControl "180+1"]
[EndTime "11:52:28 PST"]
[Termination "redbaron8888 won by checkmate"]

1. d4 Nf6 2. c4 g6 3. Nc3 Bg7 4.
e4 d6 5. Be2 O-O 6. Bg5 h6 7.
Be3 e5 8. d5 a5 9. h4 Na6 10.
Qd2 h5 11. f3 Nd7 12. O-O-O Ndc5 13. Kb1 f5 14. Bg5 Qe8 15. Nh3 Bd7 16. Rdg1 a4 17.
g4 hxg4 18. fxg4 fxe4 19. h5 a3 20. h6 Bf6 21. Bxf6 Rxf6 22. h7+ Kh8 23. Ng5 Rf4 24. Rf1 Qf8 25. Rxf4 exf4 26. Qd4+ Qg7 27. Nf7# 1-0

[Event "*** Titled Tuesday Blitz"]
[Site "Chess.com"]
[Date "2020.12.01"]
[Round "10"]
[White "NewBornNow"]
[Black "Artyom_ChessMate"]
[Result "1-0"]
[WhiteElo "2716"]
[BlackElo "2576"]
[TimeControl "180+1"]
[EndTime "11:52:30 PST"]
[Termination "NewBornNow won by resignation"]

1. e4 c5 2. Nf3 d6 3. d4 cxd4 4. Nxd4 Nf6 5. Nc3 g6 6. Be3 Bg7 7. f3 O-O 8. Qd2 Nc6 9. Bc4 Bd7 10. O-O-O Rc8 11. Bb3 Ne5 12. Kb1 Nc4 13. Bxc4 Rxc4 14. g4 b5 15. b3 Rc8 16. Ndxb5 Qa5 17. a4 a6 18. Nd5 Qxd2 19. Nxe7+ Kh8 20. Rxd2 Rce8 21.
Nxg6+ fxg6 22. Nxd6 Rb8 23. Ka2 Be6 24. h3 Rfd8 25.
Rhd1 Kg8 26. f4 Kf8 27. f5 gxf5 28. gxf5 Bg8 29. Bc5 Nd7 30. Ba3 1-0

[Event "*** Titled Tuesday Blitz"]
[Site "Chess.com"]
[Date "2020.12.01"]
[Round "10"]
[White "Chuchofrio1"]
[Black "canary2016"]
[Result "1/2-1/2"]
[WhiteElo "2410"]
[BlackElo "2007"]
[TimeControl "180+1"]
[EndTime "11:52:36 PST"]
[Termination "Game drawn by repetition"]

1. e4 c6 2. d4 d5 3. exd5 cxd5 4. Bd3 Nf6 5. Bf4 Nc6 6. c3 Bg4 7. Qb3 Qc8 8. Nd2 e6 9. Ngf3 Be7 10. O-O O-O 11. Ne5 Bh5 12. Ndf3 Nd7 13. Nxd7 Qxd7 14. Ne5 Qc8 15. Qc2 Bg6 16. Nxg6 hxg6 17. Bg3 Qd7 18.
h4 Rac8 19. h5 Nxd4 20. Qb1 Nf5 21. hxg6 fxg6 22. Be5 Bf6 23. f4 Qc6 24. Rf3 Qc5+ 25. Kh2 Kf7 26. Bxf5 gxf5 27. Bxf6 gxf6 28. Rh3 Rh8 29. Qd3 Rxh3+ 30. Qxh3 Rg8 31. Qh7+ Kf8 32. Qh6+ Kf7 33. Qh7+ Kf8 34. Qh6+ Kf7 35. Qh5+ Kf8 36. Qh6+ 1/2-1/2

[Event "*** Titled Tuesday Blitz"]
[Site "Chess.com"]
[Date "2020.12.01"]
[Round "10"]
[White "WPWPWP-2015"]
[Black "AcsinteMatei"]
[Result "1-0"]
[WhiteElo "2495"]
[BlackElo "2351"]
[TimeControl "180+1"]
[EndTime "11:52:40 PST"]
[Termination "WPWPWP-2015 won by resignation"]

1. e4 c6 2. d4 d5 3. Nc3 g6 4. Nf3 Bg7 5. h3 dxe4 6. Nxe4 Nf6 7. Ned2 Be6 8. Bd3 Nbd7 9. O-O c5 10. Ng5 Bd5 11.
c4 Bxg2 12. Kxg2 cxd4 13. Ngf3 e5 14. Ne4 Nxe4 15. Bxe4 Nc5 16. Bd5 O-O 17. Re1 Qd6 18. Ng5 Rae8 19. Qf3 Re7 20. b4 e4 21.
Nxe4 Nxe4 22. Rxe4 Rxe4 23. Bxe4 Qxb4 24. Ba3 1-0

[Event "*** Titled Tuesday Blitz"]
[Site "Chess.com"]
[Date "2020.12.01"]
[Round "10"]
[White "ecwinslow"]
[Black "dpopadic"]
[Result "0-1"]
[WhiteElo "2257"]
[BlackElo "2409"]
[TimeControl "180+1"]
[EndTime "11:52:42 PST"]
[Termination "dpopadic won by resignation"]

1. e4 c5 2. Nf3 Nc6 3. d4 cxd4 4. Nxd4 Nf6 5. Nc3 e5 6. Ndb5 d6 7. Nd5 Nxd5 8. exd5 Nb8 9. Qf3 a6 10. Qa3 Be7 11. Bd2 O-O 12. Bb4 axb5 13. Qxa8 Na6 14. Bd2 Qb6 15. Be3 Qa5+ 16. Bd2 Qb6 17. Be3 Qa5+ 18.
Bd2 Qc7 19. Bxb5 Bd7 20. Qa7 Bxb5 21. O-O-O Rc8 22. c3 Nc5 23. Qa3 Bd3 24. Be3 e4 25. f3 f5 26. fxe4 fxe4 27. Bxc5 Qxc5 28. Qxc5 Rxc5 29. Rhe1 Bg5+ 0-1

[Event "*** Titled Tuesday Blitz"]
[Site "Chess.com"]
[Date "2020.12.01"]
[Round "10"]
[White "03revilo"]
[Black "nikitadovbnya2008"]
[Result "0-1"]
[WhiteElo "2304"]
[BlackElo "2201"]
[TimeControl "180+1"]
[EndTime "11:52:42 PST"]
[Termination "nikitadovbnya2008 won by resignation"]

1. e4 c6 2. d4 d5 3. Nd2 dxe4 4. Nxe4 Bf5 5. Ng3 Bg6 6. h4 h6 7. Nf3 Nd7 8. h5 Bh7 9. Bd3 Bxd3 10. Qxd3 Ngf6 11. Bd2 e6 12. O-O-O Be7 13. Kb1 O-O 14. Ne4 Nxe4 15. Qxe4 Nf6 16. Qe2 b5 17. Ne5 Qd5 18. g4 Ne4 19. Be3 a5 20. Rhg1 a4 21. f3 Nd6 22. g5 hxg5 23. Bxg5 Bxg5 24. Rxg5 f6 25. Rxg7+ Kxg7 26. Rg1+ Kh8 27. Qd2 Nf5 28. Ng6+ Kh7 29.
Nxf8+ Rxf8 30. Qg2 Qd7 31. Qg6+ Kh8 32. h6 Qh7 33.
Qg2 Rg8 34. Qh1 Rxg1+ 35. Qxg1 Qxh6 36. Qe1 Nxd4 37. a3 e5 38. Qe4 Qh1+ 39. Ka2 Qxf3 40. Qg6 Qd5+ 41. Kb1 Qe6 42. Qh6+ Kg8 43. Qg6+ Kf8 44.
Qh6+ Ke7 45. Qg7+ Kd6 46. Qf8+ Qe7 47. Qb8+ Ke6 48. Qg8+ Kf5 49. Qh7+ Qxh7 0-1

[Event "*** Titled Tuesday Blitz"]
[Site "Chess.com"]
[Date "2020.12.01"]
[Round "10"]
[White "chessmachine14"]
[Black "scoopbh"]
[Result "1-0"]
[WhiteElo "2247"]
[BlackElo "2080"]
[TimeControl "180+1"]
[EndTime "11:52:53 PST"]
[Termination "chessmachine14 won by resignation"]

1. e4 c5 2. Nf3 Nc6 3. d4 cxd4 4.
Nxd4 Nf6 5. Nc3 e5 6. Ndb5 d6 7. Bg5 a6 8. Na3 b5 9. Bxf6 gxf6 10. Nd5 Bg7 11. Bd3 f5 12. Qh5 Ne7 13. Qg5 Nxd5 14. Qxg7 Qf6 15. Qxf6 Nxf6 16. exf5 d5 17. c3 e4 18. Be2 Bxf5 19. Nc2 Ke7 20. O-O-O Rhd8 21. Ne3 Be6 22. f4 exf3 23. Bxf3 Ne4 24. Nxd5+ Bxd5 25. Rxd5 Rxd5 26. Bxe4 Rdd8 27. Bxa8 Rxa8 28. Re1+ Kf6 29.
Re4 Rg8 30. Rf4+ Ke6 31. g3 h6 32. Kd2 Rg5 33. Ke3 Re5+ 34. Re4 1-0

[Event "*** Titled Tuesday Blitz"]
[Site "Chess.com"]
[Date "2020.12.01"]
[Round "10"]
[White "NiranjanNavalgund"]
[Black "Blitzking642"]
[Result "1-0"]
[WhiteElo "2419"]
[BlackElo "2230"]
[TimeControl "180+1"]
[EndTime "11:52:56 PST"]
[Termination "NiranjanNavalgund won by resignation"]

1. d4 Nf6 2. Nf3 e6 3. Bf4 b6 4. e3 Bb7 5. h3 c5 6. c3 Be7 7. Nbd2 O-O 8. Bd3 Nc6 9. O-O d5 10. Ne5 Nxe5 11. Bxe5 Bd6 12. f4 Ne4 13. Qc2 f5 14. Nf3 a5 15. Kh2 Ba6 16. g4 Bxd3 17. Qxd3 c4 18. Qe2 b5 19. Rg1 Ra7 20. Rg2 Bxe5 21.
Nxe5 Qe8 22. Rag1 b4 23. Qe1 Qa4 24. gxf5 exf5 25. Qh4 Re8 26. Qh6 Ree7 27. Nc6 Kf8 28. Qxh7 Qxc6 29. Qh8+ Kf7 30. Rxg7+ Ke6 31. R1g6+ 1-0

[Event "*** Titled Tuesday Blitz"]
[Site "Chess.com"]
[Date "2020.12.01"]
[Round "10"]
[White "HackingKid98"]
[Black "Neftegor"]
[Result "0-1"]
[WhiteElo "2383"]
[BlackElo "2520"]
[TimeControl "180+1"]
[EndTime "11:52:58 PST"]
[Termination "Neftegor won by resignation"]

1. d4 Nf6 2. c4 e6 3. g3 Bb4+ 4. Bd2 Qe7 5. Bg2 Nc6 6. Nf3 Bxd2+ 7. Qxd2 Ne4 8. Qc2 Qb4+ 9. Nbd2 Nxd2 10. Qxd2 Qxc4 11.
O-O Qb4 12. Qf4 d6 13. b3 O-O 14. Rac1 Qa5 15. Rc2 e5 16. dxe5 dxe5 17. Qg5 f6 18. Qh5 Be6 19. Bh3 Bf7 20. Qh4 Rad8 21. Rfc1 Bg6 22. e4 Rd6 23. Bf5 Bxf5 24. exf5 Qd5 25.
Nd2 Nd4 26. Qe4 Qb5 27. Nc4 Rd7 28. Rc3 c6 29. Rd3 Qd5 30. Qxd5+ cxd5 31. Ne3 Ne2+ 0-1

[Event "*** Titled Tuesday Blitz"]
[Site "Chess.com"]
[Date "2020.12.01"]
[Round "10"]
[White "queen_iryna"]
[Black "Alindsay211"]
[Result "1-0"]
[WhiteElo "2323"]
[BlackElo "2380"]
[TimeControl "180+1"]
[EndTime "11:52:58 PST"]
[Termination "queen_iryna won by resignation"]

1. e4 c5 2. Nf3 d6 3. Bb5+ Bd7 4. Bxd7+ Qxd7 5. d4 cxd4 6. Nxd4 Nf6 7. f3 Nc6 8. c4 g6 9. Nc3 Bg7 10. Be3 O-O 11. Rc1 a5 12. O-O Rfc8 13. b3 h5 14. Qd2 Bh8 15. Rfd1 Nxd4 16. Bxd4 Qc6 17. Nd5 Nxd5 18.
cxd5 Qd7 19. Bxh8 Kxh8 20. Rxc8+ Qxc8 21. Rc1 Qd7 22. Rc4 a4 23. Qc3+ Kg8 24. Rc7 Qb5 25.
Rxe7 axb3 26. axb3 Qe2 27. h3 Ra2 28. Re8+ 1-0

[Event "*** Titled Tuesday Blitz"]
[Site "Chess.com"]
[Date "2020.12.01"]
[Round "10"]
[White "leoduarte"]
[Black "vladgoncharov"]
[Result "0-1"]
[WhiteElo "2346"]
[BlackElo "2481"]
[TimeControl "180+1"]
[EndTime "11:53:00 PST"]
[Termination "vladgoncharov won by resignation"]

1. e4 e6 2. d4 d5 3. Nd2 Be7 4. Ngf3 Nf6 5. e5 Nfd7 6. Bd3 c5 7. c3 Nc6 8. O-O g5 9. dxc5 g4 10. Nd4 Ndxe5 11. N2b3 Nxd3 12. Qxd3 e5 13. Nxc6 bxc6 14. Qe2 f6 15. f4 gxf3 16. Qxf3 Be6 17. Bh6 Rg8 18.
Qh5+ Bf7 19. Qf5 Rg6 20. Be3 Qd7 21. Qd3 Kf8 22. Rf2 Kg8 23. Raf1 Kh8 24. Nc1 Rag8 25. Kh1 Be6 26. Ne2 f5 27. g3 f4 28. gxf4 d4 29. cxd4 Bd5+ 30. Rf3 e4 0-1

[Event "*** Titled Tuesday Blitz"]
[Site "Chess.com"]
[Date "2020.12.01"]
[Round "10"]
[White "Abdimalik_Abdisalimov"]
[Black "Andrii_Prydun"]
[Result "1-0"]
[WhiteElo "2671"]
[BlackElo "2341"]
[TimeControl "180+1"]
[EndTime "11:53:07 PST"]
[Termination "Abdimalik_Abdisalimov won by checkmate"]

1. d4 d5 2. c4 c6 3. cxd5 cxd5 4. Nc3 Nf6 5. Bf4 Nc6 6. Nf3 e6 7. e3 Bd6 8. Bg3 Bxg3 9. hxg3 Qd6 10. Be2 O-O 11.
O-O e5 12. Nb5 Qb8 13. dxe5 Nxe5 14. Qb3 Bg4 15. Rac1 Bxf3 16. Bxf3 Nxf3+ 17. gxf3 Qe5 18. Kg2 Rfd8 19. Rfd1 Rab8 20. Nxa7 h5 21. Nb5 h4 22. Qc3 Qh5 23. Rh1 Ra8 24. Rxh4 Qg5 25. Rch1 g6 26. Rh8+ Kg7 27. R1h7# 1-0

[Event "*** Titled Tuesday Blitz"]
[Site "Chess.com"]
[Date "2020.12.01"]
[Round "10"]
[White "Ranindu2003"]
[Black "Zkid"]
[Result "0-1"]
[WhiteElo "2600"]
[BlackElo "2785"]
[TimeControl "180+1"]
[EndTime "11:53:12 PST"]
[Termination "Zkid won by resignation"]

1. e4 e6 2. d4 d5 3. Nd2 c5 4.
exd5 Qxd5 5. Ngf3 cxd4 6. Bc4 Qd7 7. O-O Nc6 8. Nb3 Nf6 9. Nbxd4 Nxd4 10. Nxd4 a6 11. Re1 Bc5 12. Be3 O-O 13. Nxe6 Qxd1 14. Raxd1 Bxe6 15. Bxc5 Bxc4 16. Bxf8 Kxf8 17. b3 Bd5 18.
Rd4 Rc8 19. c4 Be6 20. f3 Ke7 21. f4 g6 22. h3 h5 23. Kf2 Rc5 24. b4 Rc7 25. c5 Kf8 26. Rd8+ Kg7 27. a3 Nd5 28. Kf3 Nc3 29. g4 h4 30. Rc1 Bd5+ 31. Ke3 Re7+ 32.
Kd3 Ne2 33. Rf1 Bg2 34. Rf2 Bxh3 35. Rxe2 Bf1 0-1

[Event "*** Titled Tuesday Blitz"]
[Site "Chess.com"]
[Date "2020.12.01"]
[Round "10"]
[White "chessmadara"]
[Black "Kaslask"]
[Result "0-1"]
[WhiteElo "2183"]
[BlackElo "2323"]
[TimeControl "180+1"]
[EndTime "11:53:18 PST"]
[Termination "Kaslask won by resignation"]

1. e4 c5 2. Nf3 Nc6 3. d4 cxd4 4. Nxd4 g6 5. Nc3 Bg7 6. Be3 Nf6 7. Bc4 d6 8. Bb3 Ng4 9. Nxc6 bxc6 10. Bf4 Qb6 11.
O-O O-O 12. h3 Ne5 13. Be3 Qa5 14. f4 Nd7 15. Bd4 Bxd4+ 16. Qxd4 Qc5 17. Rad1 Ba6 18. Rfe1 Qxd4+ 19. Rxd4 Nc5 20. e5 d5 21. Ba4 Rac8 22. g4 Ne6 23. Rb4 c5 24.
Rb3 Nxf4 25. Kh2 d4 26. Ne4 c4 27. Rf3 Nd5 28. Ng5 d3 29. cxd3 cxd3 30. Bd7 Rc2+ 31. Kg3 d2 32. Rg1 Rc1 0-1

[Event "*** Titled Tuesday Blitz"]
[Site "Chess.com"]
[Date "2020.12.01"]
[Round "10"]
[White "TimurGareyev"]
[Black "Sam_ChessMood"]
[Result "1-0"]
[WhiteElo "2713"]
[BlackElo "2811"]
[TimeControl "180+1"]
[EndTime "11:53:19 PST"]
[Termination "TimurGareyev won by resignation"]

1. c4 Nf6 2. g3 e5 3. Bg2 c6 4. Nf3 e4 5. Nd4 Qb6 6. Nb3 a5 7. a4 d5 8. cxd5 cxd5 9. O-O Bb4 10. d3 O-O 11. Be3 Qd8 12. Nc3 Ng4 13. Bf4 f5 14. f3 exf3 15. Bxf3 Bxc3 16. bxc3 Nc6 17. Rb1 b6 18. Nd4 Nxd4 19. cxd4 Be6 20. Qb3 Ra6 21.
Qb5 Qa8 22. Rfc1 Rc8 23. Rxc8+ Qxc8 24. Rc1 Qa8 25. Rc6 Kf7 26. Bxd5 1-0

[Event "*** Titled Tuesday Blitz"]
[Site "Chess.com"]
[Date "2020.12.01"]
[Round "10"]
[White "enriquebutti"]
[Black "Cambek64"]
[Result "0-1"]
[WhiteElo "2073"]
[BlackElo "2292"]
[TimeControl "180+1"]
[EndTime "11:53:23 PST"]
[Termination "Cambek64 won by resignation"]

1. d4 c5 2. e3 cxd4 3. exd4 d5 4. Nf3 Nc6 5. c3 Bg4 6. h3 Bxf3 7. Qxf3 e6 8. Bd3 g6 9. h4 Bg7 10. g4 h5 11. g5 Nge7 12. Bf4 O-O 13. Nd2 Nc8 14.
Qg3 Re8 15. O-O Bf8 16. Nf3 Bd6 17. Ne5 Nxe5 18. Bxe5 Bxe5 19. Qxe5 Qd6 20. Rae1 Qxe5 21. Rxe5 Ne7 22. Rfe1 Nc6 23. R5e3 a6 24. f4 Red8 25. Rf1 b5 26. a3 Rdb8 27. Bxg6 fxg6 28. Rxe6 Nd8 29. Rxg6+ Kf7 30. Rd6 Rb7 31. Rxd5 Re7 32. Re5 Rc8 33. f5 Rxe5 34. dxe5 Rc4 35. g6+ Ke8 36.
f6 Rg4+ 37. Kf2 Rxg6 38. Rg1 Rxg1 39. Kxg1 Kf7 40. Kf2 Nc6 41. Ke3 Nxe5 42. Kd4 Nc4 43. a4 Nxb2 44. axb5 axb5 45. Kc5 Kxf6 46. Kxb5 Kf5 47.
Kb4 Kg4 48. Kb3 Nd3 49. c4 Kxh4 50. Kc3 Nc5 51. Kb4 Ne6 0-1

[Event "*** Titled Tuesday Blitz"]
[Site "Chess.com"]
[Date "2020.12.01"]
[Round "10"]
[White "Bigfish1995"]
[Black "davidkalashian"]
[Result "1-0"]
[WhiteElo "3033"]
[BlackElo "2584"]
[TimeControl "180+1"]
[EndTime "11:53:24 PST"]
[Termination "Bigfish1995 won on time"]

1. b3 Nf6 2. Bb2 g6 3. g4 h6 4. e4 d6 5. h3 Bg7 6. Bg2 c5 7. f4 Nc6 8. Nf3 O-O 9. d3 Nxg4 10. Bxg7 Ne3 11. Qd2 Nxg2+ 12. Qxg2 Kxg7 13. f5 e6 14. fxg6 fxg6 15. Nbd2 Qf6 16. O-O Bd7 17. Nc4 Qe7 18. Kh1 Kh7 19. Rg1 Rg8 20. Raf1 Raf8 21. e5 d5 22. Ne3 Rf7 23. Ng4 Rgf8 24. Nxh6 Rg7 25. Ng4 Rf5 26. Nf6+ Kh8 27. Qg3 Nxe5 28. Qh4+ 1-0

[Event "*** Titled Tuesday Blitz"]
[Site "Chess.com"]
[Date "2020.12.01"]
[Round "10"]
[White "TigrVShlyape"]
[Black "ArjunErigaisi2003"]
[Result "1/2-1/2"]
[WhiteElo "2868"]
[BlackElo "2931"]
[TimeControl "180+1"]
[EndTime "11:53:30 PST"]
[Termination "Game drawn by agreement"]

1. d4 d5 2. Nf3 Nf6 3. Bf4 e6 4. e3 c5 5. c3 Nc6 6. Nbd2 cxd4 7. exd4 Nh5 8. Bg3 g6 9. Bd3 Bg7 10. O-O O-O 11. Re1 Nxg3 12. hxg3 f6 13. c4 dxc4 14. Bxc4 Nxd4 15. Nb3 Nxf3+ 16. Qxf3 Qb6 17. Qe3 Re8 18. Nc5 Kh8 19. Nxe6 Bxe6 20. Qxb6 axb6 21. Rxe6 Rxe6 22. Bxe6 f5 23. Rd1 Bxb2 24. Rd7 Re8 25. Bb3 Ba3 26.
Rxb7 Bc5 27. Kf1 Bb4 28. f3 Bc5 1/2-1/2

[Event "*** Titled Tuesday Blitz"]
[Site "Chess.com"]
[Date "2020.12.01"]
[Round "10"]
[White "JiiHart"]
[Black "Tsyhanchuk_Stanislav"]
[Result "1/2-1/2"]
[WhiteElo "2094"]
[BlackElo "2203"]
[TimeControl "180+1"]
[EndTime "11:53:31 PST"]
[Termination "Game drawn by repetition"]

1. e4 c6 2. d4 d5 3. Nd2 dxe4 4. Nxe4 Bf5 5. Ng3 Bg6 6. h4 h6 7. N1e2 e6 8. Nf4 Bh7 9. Bc4 Bd6 10. Ngh5 Kf8 11. Qe2 Qe7 12. Bd2 g6 13. Ng3 Nf6 14. O-O-O Kg7 15. Bd3 Nd5 16. Nfh5+ gxh5 17. Nxh5+ Kf8 18.
Bxh6+ Ke8 19. c4 Bxd3 20. Rxd3 Rxh6 21. cxd5 cxd5 22. g4 Nd7 23. g5 Rh7 24. Rc3 Kd8 25. Kb1 Rc8 26. Rxc8+ Kxc8 27. Qc2+ Kb8 28. Qxh7 e5 29. Nf6 Nxf6 30. gxf6 Qxf6 31. dxe5 Bxe5 32. Rc1 a6 33. Qg8+ Ka7 34. h5 Qf5+ 35. Rc2 Qxh5 36. Qd8 Qd1+ 37. Rc1 Qd3+ 38. Rc2 Qd1+ 39. Rc1 Qd3+ 40.
Rc2 Qd1+ 1/2-1/2

[Event "*** Titled Tuesday Blitz"]
[Site "Chess.com"]
[Date "2020.12.01"]
[Round "10"]
[White "FearNoEvil12"]
[Black "Nemsko"]
[Result "1-0"]
[WhiteElo "2197"]
[BlackElo "2368"]
[TimeControl "180+1"]
[EndTime "11:53:32 PST"]
[Termination "FearNoEvil12 won on time"]

1. e4 e5 2. d4 exd4 3. Bc4 Nc6 4. Nf3 Nf6 5. e5 d5 6. Bb5 Ne4 7. Nxd4 Bd7 8. Bxc6 bxc6 9. O-O c5 10. Ne2 Bc6 11. f3 Ng5 12. Ng3 Be7 13. f4 Ne4 14. Nxe4 dxe4 15.
Qe2 O-O 16. Nc3 f5 17. Be3 Qe8 18. Rad1 Qf7 19. b3 Rfd8 20. Qa6 Qe6 21. Qa5 c4 22. b4 Rxd1 23. Rxd1 Rd8 24. Rxd8+ Bxd8 25. b5 Be8 26. Qxa7 Qd7 27. Qd4 Qxd4 28. Bxd4 Kf7 29.
a4 c6 30. b6 Bd7 31. a5 Bc8 32. Kf2 Be7 33. Na4 Bb4 34. Bc3 c5 35. Ke2 Ke6 36.
Kd2 Kd5 37. Nb2 Ba6 38. Nd1 1-0

[Event "*** Titled Tuesday Blitz"]
[Site "Chess.com"]
[Date "2020.12.01"]
[Round "10"]
[White "banane_verte"]
[Black "elohunter1999"]
[Result "0-1"]
[WhiteElo "2496"]
[BlackElo "2584"]
[TimeControl "180+1"]
[EndTime "11:53:36 PST"]
[Termination "elohunter1999 won by resignation"]

1. e4 c5 2. Nc3 Nc6 3. Bb5 Nd4 4.
Nf3 a6 5. Bd3 g6 6. Nxd4 cxd4 7.
Ne2 Bg7 8. O-O d5 9. c3 dxe4 10. Bxe4 Nf6 11. Bf3 e5 12. cxd4 e4 13. Nc3 exf3 14.
Qxf3 O-O 15. d5 b5 16. d6 Ra7 17. d4 Qxd6 18. Be3 Bg4 19. Qg3 Qxg3 20. hxg3 Rd7 21.
b4 Rc8 22. Rfc1 Rc4 23. a4 h5 24. axb5 axb5 25. Rab1 Rdc7 26. Nxb5 Rxc1+ 27. Bxc1 Rc4 28. Be3 Nd5 29. Nd6 Rxb4 30. Ra1 Bxd4 31. Bh6 Bxa1 0-1